TOP OF THE 1ST |
Minnesota Twins batting - Pitching for Houston Astros : RHP Kevin Ovens-Toots
|
Pitching: RHP Kevin Ovens-Toots
|
|
Batting: RHB Yonetoshi Muranaka
|
0-0: Called Strike 0-1: Ball 1-1: Foul Ball, location: 2F 1-2: Ball 2-2: Foul Ball, location: 2F 2-2: Foul Ball, location: 2F 2-2: Foul Ball, location: 2F 2-2: Fly out, F6 (Popup, 6, EV 80.0 MPH)
|
Batting: LHB Sadamu Noguchi
|
0-0: Ball 1-0: SINGLE (Line Drive, 7S, EV 96.2 MPH)
|
Batting: LHB Joel Kunkler
|
0-0: Ball Sadamu Noguchi is caught stealing 2nd base 2-6 1-0: Ball 2-0: Called Strike 2-1: Foul Ball, location: 2F 2-2: Ball 3-2: Fly out, F8 (Flyball, 8RS, EV 88.1 MPH)
|
Top of the 1st over - 0 runs, 1 hit, 0 errors, 0 left on base; Minnesota 0 - Houston 0 |
BOTTOM OF THE 1ST |
Houston Astros batting - Pitching for Minnesota Twins : RHP Jesus Fernandez
|
Pitching: RHP Jesus Fernandez
|
|
Batting: RHB Matt Thompson
|
0-0: Called Strike 0-1: Ball 1-1: Ball 2-1: Ball 3-1: DOUBLE (Groundball, 5L, EV 106.9 MPH)
|
Batting: RHB Chang-wei Jiang
|
0-0: Foul Ball, location: 2F 0-1: Foul Ball, location: 2F 0-2: Ball 1-2: Ball 2-2: Strikes out swinging
|
Batting: SHB Addick de Vries
|
0-0: Ball 1-0: Fly out, F7 (Flyball, 7S, EV 79.4 MPH)
|
Batting: RHB Danny Dyer
|
0-0: Ball 1-0: Ball 2-0: Called Strike 2-1: Ball 3-1: Foul Ball, location: 2F 3-2: Foul Ball, location: 2F 3-2: Foul Ball, location: 2F 3-2: Foul Ball, location: 2F 3-2: Foul Ball, location: 2F 3-2: Base on Balls
|
Batting: SHB Joe Gardner
|
0-0: Ball 1-0: Ball 2-0: Ball 3-0: Base on Balls Matt Thompson to third Danny Dyer to second
|
Batting: RHB Trevor Mock
|
0-0: Ball 1-0: Foul Ball, location: 2F 1-1: Foul Ball, location: 2F 1-2: Ball 2-2: SINGLE (Groundball, 4MD, EV 102.5 MPH) Matt Thompson scores Danny Dyer to third Joe Gardner to second Runner from 3rd tries for Home, SAFE, throw by CF to home
|
Batting: LHB Ian Jarvis
|
0-0: Ball 1-0: Ball 2-0: Fly out, F7 (Flyball, 78D, EV 104.4 MPH)
|
Bottom of the 1st over - 2 runs, 2 hits, 0 errors, 2 left on base; Minnesota 0 - Houston 2 |
TOP OF THE 2ND |
Minnesota Twins batting - Pitching for Houston Astros : RHP Kevin Ovens-Toots
|
Batting: RHB Jesus Chavez
|
0-0: Ball 1-0: Ground out 1-3 (Groundball, 13S, EV 68.1 MPH)
|
Batting: SHB Buster Hyman
|
0-0: Called Strike 0-1: Foul Ball, location: 2F 0-2: Hit by Pitch
|
Batting: RHB José Molina
|
0-0: Ball 1-0: Ball 2-0: Ball 3-0: Called Strike 3-1: SINGLE (Groundball, 25, EV 66.2 MPH) (infield hit) Buster Hyman to second
|
Batting: RHB Väinö Tapaninen
|
0-0: Called Strike 0-1: Foul Ball, location: 2F 0-2: Ball 1-2: Ball 2-2: Fly out, F6 (Flyball, 6D, EV 91.9 MPH)
|
Batting: RHB Vinny Luna
|
0-0: Called Strike 0-1: Ball 1-1: Foul Ball, location: 2F 1-2: Ball 2-2: Strikes out swinging
|
Top of the 2nd over - 0 runs, 1 hit, 0 errors, 2 left on base; Minnesota 0 - Houston 2 |
BOTTOM OF THE 2ND |
Houston Astros batting - Pitching for Minnesota Twins : RHP Jesus Fernandez
|
Batting: RHB Josh Froyd
|
0-0: Ball 1-0: Ball 2-0: Called Strike 2-1: SINGLE (Groundball, 56D, EV 85.0 MPH) (infield hit)
|
Batting: RHB Antonio Aranda
|
0-0: Ball 1-0: Bunted foul 1-1: Sac Bunt to 15S - play at first, batter OUT! 1-4 Josh Froyd to second
|
Batting: RHB Matt Thompson
|
0-0: Fly out, F7 (Flyball, 7D, EV 93.8 MPH) Runner from 2nd tags up, SAFE at 3rd with throw by LF
|
Batting: RHB Chang-wei Jiang
|
0-0: Called Strike 0-1: Ball 1-1: Swinging Strike 1-2: Strikes out looking
|
Bottom of the 2nd over - 0 runs, 1 hit, 0 errors, 1 left on base; Minnesota 0 - Houston 2 |
TOP OF THE 3RD |
Minnesota Twins batting - Pitching for Houston Astros : RHP Kevin Ovens-Toots
|
Batting: RHB Josh Zoglmann
|
0-0: Called Strike 0-1: Swinging Strike 0-2: Strikes out swinging
|
Batting: RHB Yonetoshi Muranaka
|
0-0: Ball 1-0: Called Strike 1-1: Ball 2-1: SINGLE (Groundball, 6MD, EV 99.4 MPH)
|
Batting: LHB Sadamu Noguchi
|
0-0: Ball 1-0: TRIPLE (Flyball, 89XD, EV 103.8 MPH) Yonetoshi Muranaka scores
|
Batting: LHB Joel Kunkler
|
0-0: Foul Ball, location: 2F 0-1: SINGLE (Line Drive, 3D, EV 96.9 MPH) Sadamu Noguchi scores
|
Batting: RHB Jesus Chavez
|
0-0: Ball 1-0: Ball 2-0: SINGLE (Groundball, 3D, EV 96.9 MPH) Joel Kunkler to second Runner from 2nd tries for 3rd, SAFE, throw by RF made to third
|
Batting: SHB Buster Hyman
|
0-0: Ball 1-0: Foul Ball, location: 2F 1-1: Called Strike 1-2: Strikes out looking
|
Batting: RHB José Molina
|
0-0: Ball 1-0: Ball 2-0: Ball 3-0: Called Strike 3-1: Foul Ball, location: 2F 3-2: SINGLE (Groundball, 56, EV 102.5 MPH) Joel Kunkler scores Jesus Chavez to second Jesus Chavez to third
|
Batting: RHB Väinö Tapaninen
|
0-0: Ball 1-0: Called Strike 1-1: Ball 2-1: Ball 3-1: SINGLE (Groundball, 23, EV 68.8 MPH) (infield hit) Jesus Chavez scores José Molina to second
|
Batting: RHB Vinny Luna
|
0-0: Ball 1-0: Ground out 6-3 (Groundball, P, EV 80.6 MPH)
|
Top of the 3rd over - 4 runs, 6 hits, 0 errors, 2 left on base; Minnesota 4 - Houston 2 |
BOTTOM OF THE 3RD |
Houston Astros batting - Pitching for Minnesota Twins : RHP Jesus Fernandez
|
Batting: SHB Addick de Vries
|
0-0: Ball 1-0: Called Strike 1-1: Foul Ball, location: 2F 1-2: Foul Ball, location: 2F 1-2: Ground out 6-3 (Groundball, 6MS, EV 88.8 MPH)
|
Batting: RHB Danny Dyer
|
0-0: Fly out, F8 (Flyball, 8RD, EV 88.1 MPH)
|
Batting: SHB Joe Gardner
|
0-0: Called Strike 0-1: Foul Ball, location: 2F 0-2: Ball 1-2: Strikes out looking
|
Bottom of the 3rd over - 0 runs, 0 hits, 0 errors, 0 left on base; Minnesota 4 - Houston 2 |
TOP OF THE 4TH |
Minnesota Twins batting - Pitching for Houston Astros : RHP Kevin Ovens-Toots
|
Batting: RHB Josh Zoglmann
|
0-0: SINGLE (Groundball, 6MD, EV 106.2 MPH)
|
Batting: RHB Yonetoshi Muranaka
|
0-0: Ball 1-0: SINGLE (Groundball, 5, EV 96.2 MPH) Josh Zoglmann to second
|
Batting: LHB Sadamu Noguchi
|
0-0: Foul Ball, location: 2F 0-1: Ball 1-1: Swinging Strike 1-2: Fielders Choice at 2nd, 3-6 (Groundball, 3, EV 84.4 MPH) Josh Zoglmann to third
|
Batting: LHB Joel Kunkler
|
0-0: Ball Sadamu Noguchi steals 2nd base 1-0: SINGLE (Groundball, 4MD, EV 96.9 MPH) Josh Zoglmann scores Sadamu Noguchi to third Runner from 3rd tries for Home, SAFE, throw by CF to home Joel Kunkler to second
|
Pitching: RHP Seth Bowersox
|
|
Batting: RHB Jesus Chavez
|
0-0: Ball 1-0: Called Strike 1-1: Swinging Strike 1-2: Ball Wild Pitch! Joel Kunkler to third 2-2: Foul Ball, location: 2F 2-2: Strikes out swinging
|
Batting: SHB Buster Hyman
|
0-0: Foul Ball, location: 2F 0-1: Swinging Strike 0-2: Ball 1-2: Ball 2-2: Foul Ball, location: 2F 2-2: Strikes out swinging
|
Top of the 4th over - 2 runs, 3 hits, 0 errors, 1 left on base; Minnesota 6 - Houston 2 |
BOTTOM OF THE 4TH |
Houston Astros batting - Pitching for Minnesota Twins : RHP Jesus Fernandez
|
Batting: RHB Trevor Mock
|
0-0: Fly out, F8 (Flyball, 78S, EV 91.2 MPH)
|
Batting: LHB Ian Jarvis
|
0-0: Ball 1-0: Called Strike 1-1: Ball 2-1: Swinging Strike 2-2: Foul Ball, location: 2F 2-2: Ball 3-2: SINGLE (Groundball, 34D, EV 105.0 MPH)
|
Batting: RHB Josh Froyd
|
0-0: Ball 1-0: Called Strike 1-1: SINGLE (Groundball, 56S, EV 65.6 MPH) (infield hit) Ian Jarvis to second
|
Pitching: RHP Keeley Schenk
|
|
Batting: RHB Antonio Aranda
|
0-0: Ball 1-0: Ball 2-0: Ball 3-0: Called Strike 3-1: Foul Ball, location: 2F 3-2: Foul Ball, location: 2F 3-2: DOUBLE (Flyball, 78D, EV 103.1 MPH) Ian Jarvis scores Josh Froyd to third
|
Batting: RHB Matt Thompson
|
0-0: Ball 1-0: Ground out 5-3 (Groundball, 56S, EV 70.0 MPH) Josh Froyd scores Antonio Aranda to third
|
Batting: RHB Chang-wei Jiang
|
0-0: Called Strike 0-1: Ball 1-1: Foul Ball, location: 2F 1-2: SINGLE (Groundball, 4MD, EV 106.2 MPH) Antonio Aranda scores
|
Batting: SHB Addick de Vries
|
0-0: Ball 1-0: Ball 2-0: Called Strike 2-1: Ball 3-1: Fly out, F8 (Flyball, 89D, EV 77.5 MPH)
|
Bottom of the 4th over - 3 runs, 4 hits, 0 errors, 1 left on base; Minnesota 6 - Houston 5 |
TOP OF THE 5TH |
Minnesota Twins batting - Pitching for Houston Astros : RHP Seth Bowersox
|
Batting: RHB José Molina
|
0-0: Ball 1-0: Ball 2-0: Foul Ball, location: 2F 2-1: Swinging Strike 2-2: Ball 3-2: Strikes out swinging
|
Batting: RHB Väinö Tapaninen
|
0-0: SINGLE (Line Drive, 89M, EV 95.0 MPH)
|
Batting: RHB Vinny Luna
|
0-0: Ball 1-0: Called Strike 1-1: Ball 2-1: Ball 3-1: Called Strike 3-2: Foul Ball, location: 2F 3-2: Foul Ball, location: 2F 3-2: SINGLE (Line Drive, 34D, EV 110.6 MPH) Väinö Tapaninen to second Väinö Tapaninen to third
|
Batting: RHB Josh Zoglmann
|
0-0: Called Strike 0-1: Ball 1-1: Ball 2-1: Ball 3-1: Called Strike 3-2: Grounds into double play, 6-4-3 (Groundball, 6, EV 85.0 MPH)
|
Top of the 5th over - 0 runs, 2 hits, 0 errors, 1 left on base; Minnesota 6 - Houston 5 |
BOTTOM OF THE 5TH |
Houston Astros batting - Pitching for Minnesota Twins : RHP Keeley Schenk
|
Batting: RHB Danny Dyer
|
0-0: Called Strike 0-1: Foul Ball, location: 2F 0-2: Foul Ball, location: 2F 0-2: DOUBLE (Flyball, 8LXD, EV 107.5 MPH)
|
Batting: SHB Joe Gardner
|
0-0: Ground out 6-3 (Groundball, 6, EV 83.8 MPH)
|
Batting: RHB Trevor Mock
|
0-0: Swinging Strike 0-1: Ball 1-1: Reached on error, E5 (Groundball, 56S, EV 67.5 MPH) Danny Dyer scores
|
Batting: LHB Ian Jarvis
|
0-0: 2-RUN HOME RUN (Flyball, 7D, EV 100.6 MPH), Distance : 388 ft
|
Pitching: RHP Riley Pooley
|
|
Batting: RHB Josh Froyd
|
0-0: Ball 1-0: Foul Ball, location: 2F 1-1: Ball 2-1: Called Strike 2-2: Ball 3-2: Foul Ball, location: 2F 3-2: Foul Ball, location: 2F 3-2: Foul Ball, location: 2F 3-2: SINGLE (Groundball, 56S, EV 71.2 MPH) (infield hit)
|
Batting: RHB Antonio Aranda
|
0-0: Called Strike 0-1: Ball 1-1: Ball 2-1: Called Strike Josh Froyd steals 2nd base 2-2: Ball 3-2: Ground out 3-1 (Groundball, 34S, EV 85.0 MPH) Josh Froyd to third
|
Batting: RHB Matt Thompson
|
0-0: Ball 1-0: Foul Ball, location: 2F 1-1: SINGLE (Line Drive, 8LS, EV 105.0 MPH) Josh Froyd scores
|
Batting: RHB Chang-wei Jiang
|
0-0: Ball 1-0: Called Strike Matt Thompson steals 2nd base (no throw) 1-1: Ball 2-1: Foul Ball, location: 2F 2-2: DOUBLE (Line Drive, 3D, EV 103.1 MPH) Matt Thompson scores
|
Batting: SHB Addick de Vries
|
0-0: Called Strike 0-1: Fly out, F7 (Flyball, 7LS, EV 75.0 MPH)
|
Bottom of the 5th over - 5 runs, 5 hits, 1 error, 1 left on base; Minnesota 6 - Houston 10 |
TOP OF THE 6TH |
Minnesota Twins batting - Pitching for Houston Astros : RHP Seth Bowersox
|
Batting: RHB Yonetoshi Muranaka
|
0-0: Called Strike 0-1: Called Strike 0-2: Foul Ball, location: 2F 0-2: Hit by Pitch
|
Batting: LHB Sadamu Noguchi
|
0-0: Called Strike Yonetoshi Muranaka steals 2nd base 0-1: Foul Ball, location: 2F 0-2: Strikes out looking
|
Batting: LHB Joel Kunkler
|
0-0: Ball 1-0: Ball Yonetoshi Muranaka steals 3rd base 2-0: Ball 3-0: SINGLE (Groundball, 56D, EV 101.9 MPH) Yonetoshi Muranaka scores
|
Batting: RHB Jesus Chavez
|
0-0: Swinging Strike 0-1: Fly out, F6 (Popup, 6M, EV 75.6 MPH)
|
Batting: SHB Buster Hyman
|
0-0: Called Strike 0-1: Foul Ball, location: 2F 0-2: Ball 1-2: Ball 2-2: Ball 3-2: Foul Ball, location: 2F 3-2: Base on Balls Joel Kunkler to second
|
Pitching: RHP Mike Staus
|
|
Batting: RHB José Molina
|
0-0: Called Strike 0-1: DOUBLE (Line Drive, 9LD, EV 106.2 MPH) Joel Kunkler scores Buster Hyman to third Runner from 3rd tries for Home, SAFE, throw by RF to home
|
Batting: RHB Väinö Tapaninen
|
0-0: Ball 1-0: Ground out 6-3 (Groundball, 6S, EV 81.9 MPH)
|
Top of the 6th over - 3 runs, 2 hits, 0 errors, 1 left on base; Minnesota 9 - Houston 10 |
BOTTOM OF THE 6TH |
Houston Astros batting - Pitching for Minnesota Twins : RHP Riley Pooley
|
Batting: RHB Danny Dyer
|
0-0: Ball 1-0: Ball 2-0: Ball 3-0: Called Strike 3-1: DOUBLE (Line Drive, 89M, EV 90.6 MPH)
|
Batting: SHB Joe Gardner
|
0-0: Called Strike 0-1: Ball 1-1: Ball 2-1: SINGLE (Groundball, 56, EV 109.4 MPH) Danny Dyer to third
|
Pitching: RHP Luis Sanchez
|
|
Batting: RHB Trevor Mock
|
0-0: Ball 1-0: Grounds into double play, 5-4-3 (Groundball, 5, EV 105.0 MPH) Danny Dyer scores
|
Batting: LHB Ian Jarvis
|
0-0: Called Strike 0-1: Ball 1-1: Foul Ball, location: 2F 1-2: Ball 2-2: Ball 3-2: Strikes out looking
|
Bottom of the 6th over - 1 run, 2 hits, 0 errors, 0 left on base; Minnesota 9 - Houston 11 |
TOP OF THE 7TH |
Minnesota Twins batting - Pitching for Houston Astros : RHP Mike Staus
|
Batting: RHB Vinny Luna
|
0-0: Foul Ball, location: 2F 0-1: Called Strike 0-2: Strikes out swinging
|
Batting: RHB Josh Zoglmann
|
0-0: Ground out 4-3 (Groundball, 4S, EV 88.8 MPH)
|
Batting: RHB Yonetoshi Muranaka
|
0-0: Ball 1-0: Ball 2-0: Called Strike 2-1: Foul Ball, location: 2F 2-2: Ball 3-2: Foul Ball, location: 2F 3-2: Foul Ball, location: 2F 3-2: Ground out 5-3 (Groundball, 5S, EV 83.8 MPH)
|
Top of the 7th over - 0 runs, 0 hits, 0 errors, 0 left on base; Minnesota 9 - Houston 11 |
BOTTOM OF THE 7TH |
Houston Astros batting - Pitching for Minnesota Twins : RHP Luis Sanchez
|
Batting: RHB Josh Froyd
|
0-0: Ball 1-0: Called Strike 1-1: Swinging Strike 1-2: Ball 2-2: Ball 3-2: Base on Balls
|
Batting: RHB Antonio Aranda
|
0-0: Ball 1-0: Reached on error, E1 (Groundball, 15S, EV 43.8 MPH) Josh Froyd to third
|
Batting: RHB Matt Thompson
|
0-0: Ball 1-0: Foul Ball, location: 2F 1-1: Foul Ball, location: 2F 1-2: Fly out, F9 (Flyball, 89S, EV 93.8 MPH)
|
Batting: RHB Chang-wei Jiang
|
0-0: Called Strike 0-1: Ball 1-1: Ball 2-1: Swinging Strike 2-2: Foul Ball, location: 2F 2-2: SINGLE (Groundball, 56D, EV 95.6 MPH) Josh Froyd scores Antonio Aranda to third Runner from 3rd tries for Home, SAFE, throw by LF to home
|
Batting: SHB Addick de Vries
|
0-0: Foul Ball, location: 2F 0-1: Ball Chang-wei Jiang steals 2nd base (no throw) 1-1: Fly out, F8 (Flyball, 8RD, EV 105.0 MPH)
|
Batting: RHB Danny Dyer
|
0-0: Ground out 4-3 (Groundball, 4, EV 83.1 MPH)
|
Bottom of the 7th over - 2 runs, 1 hit, 1 error, 1 left on base; Minnesota 9 - Houston 13 |
TOP OF THE 8TH |
Minnesota Twins batting - Pitching for Houston Astros : RHP Mike Staus
|
Batting: LHB Sadamu Noguchi
|
0-0: Ball 1-0: Called Strike 1-1: Fly out, F9 (Flyball, 9, EV 79.4 MPH)
|
Batting: LHB Joel Kunkler
|
0-0: Ball 1-0: Ball 2-0: Ball 3-0: Base on Balls
|
Batting: RHB Jesus Chavez
|
0-0: Foul Ball, location: 2F 0-1: Fielders Choice at 2nd, 5-4 (Groundball, 56, EV 106.9 MPH)
|
Batting: SHB Buster Hyman
|
0-0: Ball 1-0: Called Strike 1-1: Called Strike 1-2: Strikes out swinging
|
Top of the 8th over - 0 runs, 0 hits, 0 errors, 1 left on base; Minnesota 9 - Houston 13 |
BOTTOM OF THE 8TH |
Houston Astros batting - Pitching for Minnesota Twins : RHP Luis Sanchez
|
Pitching: RHP T.J. Hirst
|
|
Batting: SHB Joe Gardner
|
0-0: Ball 1-0: Fly out, F7 (Flyball, 7, EV 92.5 MPH)
|
Batting: RHB Trevor Mock
|
0-0: Ball 1-0: Fly out, F8 (Line Drive, 8RM, EV 104.4 MPH)
|
Batting: LHB Ian Jarvis
|
0-0: Ball 1-0: Ball 2-0: Called Strike 2-1: Foul Ball, location: 2F 2-2: Foul Ball, location: 2F 2-2: Ball 3-2: Foul Ball, location: 2F 3-2: Ground out 6-3 (Groundball, 6, EV 81.2 MPH)
|
Bottom of the 8th over - 0 runs, 0 hits, 0 errors, 0 left on base; Minnesota 9 - Houston 13 |
TOP OF THE 9TH |
Minnesota Twins batting - Pitching for Houston Astros : RHP Mike Staus
|
Pitching: LHP Mat Pear
|
|
Batting: RHB José Molina
|
0-0: Ball 1-0: Ball 2-0: Swinging Strike 2-1: Foul Ball, location: 2F 2-2: Strikes out looking
|
Batting: RHB Väinö Tapaninen
|
0-0: Swinging Strike 0-1: SINGLE (Groundball, 6D, EV 105.0 MPH)
|
Batting: RHB Vinny Luna
|
0-0: Ball 1-0: Called Strike 1-1: Fielders Choice at 2nd, 1-4 (Groundball, 25, EV 71.2 MPH)
|
Batting: RHB Josh Zoglmann
|
0-0: Called Strike 0-1: Ball 1-1: Swinging Strike 1-2: Ball Wild Pitch! Vinny Luna to second 2-2: Strikes out swinging
|
Top of the 9th over - 0 runs, 1 hit, 0 errors, 1 left on base; Minnesota 9 - Houston 13 |
|